 Dungeon Crawl Stone Soup version 0.25-a0-829-g4e6a552925 (webtiles) character file.

Game seed: 11313484773995130515, levelgen mode: deterministic

63 kae the Gusty (level 4, -3/24 HPs)
             Began as a Tengu Air Elementalist on Apr 21, 2020.
             Slain by a gnoll
             ... wielding a +0 flail
              (12 damage)
             ... on level 2 of the Dungeon.
             The game lasted 00:01:20 (1959 turns).

kae the Gusty (Tengu Air Elementalist)              Turns: 1959, Time: 00:01:21

Health: -3/24      AC:  2    Str:  8    XL:     4   Next: 9%
Magic:  0/8        EV: 12    Int: 17    God:
Gold:   103        SH:  0    Dex: 14    Spells: 7/8 levels left

rFire    . . .     SeeInvis .   e - +0 mace (vorpal)
rCold    . . .     Gourm    .   (no shield)
rNeg     . . .     Faith    .   a - +0 robe
rPois    .         Spirit   .   (helmet restricted)
rElec    .         Reflect  .   (no cloak)
rCorr    .         Harm     .   (no gloves)
MR       .....                  (boots unavailable)
Stlth    ++........             (no amulet)
HPRegen  0.08/turn              (no ring)
MPRegen  0.11/turn              (no ring)

@: about to teleport, very slightly contaminated
A: beak, talons 3
a: no special abilities


You were on level 2 of the Dungeon.
You were not hungry.

You visited 1 branch of the dungeon, and saw 2 of its levels.

You collected 103 gold pieces.

Inventory:

Hand Weapons
 d - a +0 short sword
 e - a +0 vorpal mace (weapon)
Armour
 a - a +0 robe (worn)
Jewellery
 i - a +5 ring of dexterity {unknown}
Scrolls
 f - a scroll of enchant armour
 k - 2 scrolls of remove curse
Potions
 b - 2 potions of resistance
 g - a potion of heal wounds
 h - a potion of flight {unknown}
 j - a potion of haste {unknown}
Comestibles
 c - 9 rations


   Skills:
 - Level 2.1 Dodging
 - Level 2.0 Stealth
 + Level 2.5 Spellcasting
 * Level 3.7 Conjurations
 + Level 4.7 Air Magic


You had 7 spell levels left.
You knew the following spells:

 Your Spells              Type           Power        Failure   Level  Hunger
a - Shock                 Conj/Air       ###.         3%          1    #......

Your spell library contained the following spells:

 Spells                   Type           Power        Failure   Level  Hunger
 Static Discharge         Conj/Air       ###.....     10%         3    ###....
 Swiftness                Chrm/Air       ##......     11%         2    ##.....
 Airstrike                Air            ###.......   26%         4    #####..
 Lightning Bolt           Conj/Air       ###.......   65%         5    ######.


Dungeon Overview and Level Annotations

Branches:
Dungeon (2/15)

Altars:
Cheibriados


Innate Abilities, Weirdness & Mutations

You have a beak for a mouth.
You have claws for feet.


Message History

You kill the gnoll!
You have reached level 4!
You feel clever.
The gnoll throws a throwing net.
The throwing net hits you.
You become entangled in the net!
You can't do that while held in a net.
A gnoll is nearby!
You tear a large gash into the net.
You struggle against the net.
You struggle against the net.
You rip the net and break free!
The gnoll barely misses you.
Okay, then.
As you read the scroll labeled HINKEC MIHA, it crumbles to dust.
You feel blessed for a moment.
It was a scroll of remove curse.
The gnoll barely misses you.
As you read the scroll labeled ADEUSAYKIHUH, it crumbles to dust.
You feel strangely unstable.
It was a scroll of teleportation.
The gnoll hits you with a +0 flail!
Ouch! That really hurt!
You die...

...........'.........+.......##
.#......####.........####.....##
.#...#.## ##.......## ##.#...##
........# ##.....## #......#
........# ##...## #.......
........# ##'## #......#
.....#### #.# #.#...## .#...#
#.# #.##.## .#...###########@##
#....# .##.....).......g.##
#######.# .###.#########.....#
#.......# .###.#
#..).#####.####### .....#
#..........# ###### ###.########
#.# #.# #.#


You could see a gnoll.

Vanquished Creatures
  2 gnolls (D:2)
  An adder (D:2)
  An ooze (D:2)
  A ball python (D:1)
  5 bats
  4 giant cockroaches
  4 goblins (D:1)
  2 hobgoblins (D:1)
  2 jackals (D:2)
  A frilled lizard (D:1)
  3 kobolds
  5 rats
31 creatures vanquished.

Notes
Turn   | Place    | Note
-------+----------+-------------------------------------------
     0 | D:1      | kae the Tengu Air Elementalist began the quest for the Orb.
     0 | D:1      | Reached XP level 1. HP: 10/10 MP: 4/4
   339 | D:1      | Reached XP level 2. HP: 9/15 MP: 4/6
  1001 | D:1      | You fall into a shaft and drop 1 floor!
  1028 | D:2      | Found a snail-covered altar of Cheibriados.
  1439 | D:2      | Reached XP level 3. HP: 14/19 MP: 0/7
  1953 | D:2      | Reached XP level 4. HP: 9/24 MP: 0/8
  1959 | D:2      | Slain by a gnoll

Levels and vault maps discovered:
D:1:      lemuel_arrival_tunnels, layout_basic, kennysheep_crisscross
D:2:      layout_loops_corners, old_standard_altar, first_ration

Skill      XL: |  1  2 |
---------------+-------+-----
Conjurations   | 2 3 |  3.7
Dodging        | |  2.1
Stealth        | |  2.0
Spellcasting   | |  2.5
Air Magic      | |  4.7

Action                   |  1- 3 |  4- 6 || total
-------------------------+-------+-------++-------
Melee: Unarmed           |     9 |       ||     9
       Peck              |     3 |       ||     3
       Kick              |     2 |       ||     2
       Short sword       |    15 |       ||    15
       Mace              |     3 |       ||     3
 Cast: Shock             |    61 |     1 ||    62
  Use: Scroll            |     3 |     2 ||     5
 Stab: Sleeping          |     1 |       ||     1
  Eat: Chunk             |     4 |       ||     4
Armor: Robe              |     5 |       ||     5
Dodge: Dodged            |    28 |     2 ||    30

Table legend:
 A = Non-vault XP
 B = Vault XP
 C = Vault XP percentage of total XP
 D = Non-vault monster count
 E = Vault monster count
 F = Vault count percentage of total count
                 A         B        C        D         E       F
            +---------+---------+-------+---------+---------+-------
      Total |      90 |       0 |   0.0 |      31 |       0 |   0.0
            +---------+---------+-------+---------+---------+-------
        D:1 |      28 |       0 |   0.0 |      18 |       0 |   0.0
        D:2 |      62 |       0 |   0.0 |      13 |       0 |   0.0
            +---------+---------+-------+---------+---------+-------
